 Dungeon Crawl Stone Soup version 0.29.1-15-g9cfb28693d (webtiles) character file.

Game seed: 8482092563536363048

26220 MacCMillion the Grappler (level 12, -12/123 HPs)
             Began as a Troll Fighter on Feb 23, 2023.
             Was a High Priest of Wu Jian.
             Mangled by Rupert
             ... wielding a +1 great mace of protection
              (37 damage)
             ... on level 3 of the Lair of Beasts.
             The game lasted 00:31:25 (12578 turns).

MacCMillion the Grappler (Troll Fighter)           Turns: 12578, Time: 00:31:25

Health: -12/123    AC:  8    Str: 27    XL:     12   Next: 96%
Magic:  11/11      EV: 10    Int:  8    God:    Wu Jian [*****.]
Gold:   890        SH: 10    Dex:  9    Spells: 11/11 levels left

rFire   . . .      SeeInvis +     - Unarmed
rCold   . . .      Faith    .   b - +0 kite shield
rNeg    . . .      Spirit   .   O - +0 acid dragon scales
rPois   +          Reflect  .   (helmet restricted)
rElec   .          Harm     .   (no cloak)
rCorr   +          Rampage  .   (gloves unavailable)
Will    .....                   (boots unavailable)
Stlth   +.........              (no amulet)
HPRegen 1.10/turn               q - ring of see invisible
MPRegen 0.12/turn               P - ring of poison resistance

@: exhausted, about to teleport
A: large, unfitting armour, claws 3, regeneration 1, shaggy fur 1, tough skin 1
a: Renounce Religion, Wall Jump, Serpent's Lash, Heavenly Storm


You were on level 3 of the Lair of Beasts.
You worshipped Wu Jian.
Wu Jian was extremely pleased with you.
You visited 3 branches of the dungeon, and saw 15 of its levels.
You also visited: Volcano.

You collected 890 gold pieces.

Inventory:

Missiles
 p - 4 throwing nets
 E - 24 poisoned darts (quivered)
 F - 6 atropa-tipped darts
 H - 2 curare-tipped darts
Armour
 a - a +0 robe
 b - a +0 kite shield (worn)
 O - +0 acid dragon scales (worn)
Jewellery
 q - a ring of see invisible (left claw)
 I - a ring of protection from fire
 J - a ring of magical power
 P - a ring of poison resistance (right claw)
 R - a ring of wizardry
 S - a +6 ring of intelligence
Wands
 t - a wand of flame (39)
 y - a wand of paralysis (18)
 D - a wand of roots (21)
 K - a wand of digging (10)
 Q - a wand of light (5)
Scrolls
 d - a scroll of brand weapon {unknown}
 e - a scroll of blinking
 f - 3 scrolls of magic mapping
 i - 2 scrolls of poison
 k - 5 scrolls of immolation {unknown}
 l - 6 scrolls of vulnerability
 m - 2 scrolls of fear {unknown}
 n - 4 scrolls of fog {unknown}
 r - 7 scrolls of teleportation
 w - 2 scrolls of enchant weapon
 C - 2 scrolls of enchant armour {unknown}
 G - 3 scrolls of amnesia {unknown}
 L - 2 scrolls of silence {unknown}
 N - a scroll of noise {unknown}
Potions
 c - 3 potions of might
 g - 6 potions of curing
 h - 2 potions of flight
 j - 9 potions of heal wounds
 o - 4 potions of mutation
 s - 2 potions of magic {unknown}
 u - 2 potions of lignification
 v - 2 potions of resistance {unknown}
 x - 2 potions of brilliance
 z - a potion of attraction {unknown}
 A - 3 potions of degeneration {unknown}
 B - 3 potions of berserk rage
 M - a potion of ambrosia {unknown}
 T - 2 potions of haste {unknown}


   Skills:
 + Level 9.1 Fighting
 + Level 7.6 Dodging
 + Level 10.0 Shields
 * Level 14.5 Unarmed Combat


You had 11 spell levels left.
You didn't know any spells.
Your spell library contained the following spells:

 Spells                   Type           Power      Damage    Failure   Level
 Necrotise                Necr           0%         1d4       69%         1
 Summon Small Mammal      Summ           0%         N/A       69%         1
 Poisonous Vapours        Pois/Air       0%         N/A       83%         2
 Call Canine Familiar     Summ           0%         N/A       96%         3
 Frozen Ramparts          Ice            0%         1d1       96%         3
 Gell's Gravitas          Tloc           0%         N/A       96%         3
 Lesser Beckoning         Tloc           0%         N/A       96%         3
 Summon Guardian Golem    Hex/Summ       0%         N/A       96%         3
 Teleport Other           Tloc           0%         N/A       96%         3
 Vampiric Draining        Necr           0%         2d6       96%         3
 Animate Dead             Necr           0%         N/A       100%        4
 Corpse Rot               Necr/Pois/Air  0%         N/A       100%        4
 Ice Form                 Ice/Tmut       0%         N/A       100%        4
 Passage of Golubria      Tloc           0%         N/A       100%        4
 Summon Ice Beast         Ice/Summ       0%         N/A       100%        4
 Agony                    Necr           0%         N/A       100%        5
 Fireball                 Conj/Fire      0%         3d3       100%        5
 Iskenderun's Battlesphe  Conj           0%         2d6       100%        5
 Silence                  Hex/Air        0%         N/A       100%        5
 Conjure Ball Lightning   Conj/Air       0%         3x3d6     100%        6
 Haunt                    Necr/Summ      0%         N/A       100%        7
 Orb of Destruction       Conj           0%         9d5       100%        7
 Infestation              Necr           0%         N/A       100%        8
 Lehudib's Crystal Spear  Conj/Erth      0%         10d2      100%        8


Dungeon Overview and Level Annotations

Branches:
Dungeon (11/15)            Temple (1/1) D:4            Lair (3/5) D:9
    Orc (0/2) D:11        Volcano (visited)
  Swamp: Lair:2-3    Shoals: Lair:2-3     Snake: Lair:2-3    Spider: Lair:2-3

Altars:
Cheibriados
Dithmenos
Elyvilon
Fedhas
Gozag
Hepliaklqana
Kikubaaqudgha
Okawaru
Qazlal
Sif Muna
Trog
Uskayaw
Vehumet
Wu Jian
Xom
Yredelemnul
Zin
The Shining One

Shops:
D:2 [   D:7 *

Annotations:
D:4 exclusion: door
D:5 1 runed translucent door, Crazy Yiuf
D:6 2 runed translucent doors
D:8 3 runed translucent doors, Touch's ghost, novice DjFE
Lair:3 Rupert


Innate Abilities, Weirdness & Mutations

You are too large for most types of armour.
You have claws for hands.
Your natural rate of healing is unusually fast.
You are covered in fur. (AC +1)
You have tough skin. (AC +1)


Message History

You claw the black mamba!
You kill the black mamba!
The Council accepts your kill.
You feel sick.
Your Shields skill increases to level 10!
Okay, then.
You start resting.
You feel sick. x5
Rupert is nearby!
Rupert is nearby!
You feel sick.
You feel sick.
Rupert roars madly and goes into a rage!
Rupert goes berserk!
You feel sick.
You are no longer poisoned.
Aiming: Paralyse
Press: ? - help, Shift-Dir - straight line, f - Rupert
Aim: Rupert, wielding a +1 great mace of protection and wearing a +3 chain mail of fire resistance (berserk, chance to affect: 1%)
Okay, then.
Aiming: Fastroot
Press: ? - help, Shift-Dir - straight line, f - Rupert
Aim: Rupert, wielding a +1 great mace of protection and wearing a +3 chain mail of fire resistance (berserk)
The roots erupt in riotous growth!
Roots grab Rupert.
The grasping roots constrict Rupert, but do no damage.
Rupert struggles to escape constriction.
Your muscles tense, ready for explosive movement...
You lunge with incredible momentum at Rupert.
You scratch Rupert but do no damage.
You spin and attack Rupert repeatedly, with incredible momentum.
You scratch Rupert but do no damage. x2; Your supernatural speed expires.
As you read the scroll of teleportation, it crumbles to dust.
You feel strangely unstable.
The grasping roots constrict Rupert!
The roots release their grip on Rupert.
Rupert hits you with a +1 great mace of protection!
Rupert hits you with a +1 great mace of protection!!
* * * LOW HITPOINT WARNING * * *
Rupert attacks as you move away! You block Rupert's attack.
Rupert hits you with a +1 great mace of protection!!!
You die...

P###..#.#.P..#.#######
............†..†.....#
#...........†.....#
#....#.#######....# #....###
#P....# ##..## ######....#
#...####..#..#....##
##.................#
#####.@..............##
##P.P..@.........#.....# .P
#.......†.......P...+.## .
#....°°.........+...#..#
#.###+###.#.######.......#.#..##
. .......##......##.#..........#
..#.....#.#.## #..............##
..#.#...#...........#...........#
......8.#.....8.....#.##..#.#...P


You could see Rupert (berserk).

Vanquished Creatures
  4 hydras (Lair:2)
  Harold (D:10)
  2 two-headed ogres
  Nergalle (Lair:3)
  Pikel (D:5)
  An ugly thing (D:10)
  4 black mambas
  2 cane toads (Lair:1)
  2 molten gargoyles (Volcano)
  4 gargoyles
  2 rime drakes (Lair:2)
  3 komodo dragons
  An efreet (Volcano)
  2 trolls (D:10)
  A hornet (Lair:2)
  9 blink frogs (Lair:1)
  2 shadows (D:11)
  35 yaks
  2 fire bats (Volcano)
  3 wyverns
  2 basilisks (Lair:1)
  A fire elemental (Volcano)
  A steam dragon (D:7)
  6 water moccasins
  2 acid dragons
  Duvessa (D:5)
  A sky beast (D:7)
  4 ice beasts
  3 orc warriors
  7 black bears
  2 ogres
  A lemure (D:5)
  3 phantoms
  A necrophage (D:5)
  3 kobold brigands
  3 gnoll sergeants
  7 bullfrogs
  3 scorpions
  9 wights
  Dowan (D:5)
  A troll zombie (D:11)
  14 killer bees
  10 howler monkeys
  6 lava snakes (Volcano)
  3 orc priests
  6 hounds
  3 jellies
  An iguana (D:4)
  6 orc wizards
  5 ogre zombies (D:11)
  11 gnolls
  7 adders
  A shadow imp (D:7)
  4 white imps
  An ufetubus (D:6)
  2 worms
  3 dart slugs
  20 orcs
  5 ball pythons
  10 endoplasms
  4 giant cockroaches
  10 goblins
  4 hobgoblins
  4 jackals (D:2)
  23 kobolds
  3 quokkas
  3 bats
  7 frilled lizards
  A goblin zombie (D:11)
  A hobgoblin skeleton (D:11)
  3 hobgoblin zombies (D:11)
  3 orc skeletons (D:11)
  11 orc zombies (D:11)
  6 rats
  A butterfly (Lair:1)
346 creatures vanquished.

Vanquished Creatures (others)
  An orc wizard (D:7)
  A bush (Lair:3)
  10 fungi
  24 plants
36 creatures vanquished.

Grand Total: 382 creatures vanquished

Notes
Turn   | Place    | Note
-------+----------+-------------------------------------------
     0 | D:1      | MacCMillion the Troll Fighter began the quest for the Orb.
     0 | D:1      | Reached XP level 1. HP: 22/22 MP: 0/0
   124 | D:1      | Reached XP level 2. HP: 26/29 MP: 1/1
   339 | D:1      | Reached XP level 3. HP: 36/36 MP: 2/2
   542 | D:1      | Reached skill level 3 in Unarmed Combat
   640 | D:2      | Found Mistekhu's Antique Armour Boutique.
   827 | D:2      | Found a faded altar of an unknown god.
  1313 | D:3      | Found a snail-covered altar of Cheibriados.
  1319 | D:3      | Reached XP level 4. HP: 42/44 MP: 3/3
  1382 | D:3      | You fall into a shaft and drop 1 floor!
  1457 | D:4      | Found a staircase to the Ecumenical Temple.
  1470 | Temple   | Entered the Ecumenical Temple
  1515 | Temple   | Became a worshipper of the Wu Jian Council
  1842 | D:4      | Noticed a phantom
  1853 | D:4      | Killed a phantom
  1854 | D:4      | Reached skill level 4 in Unarmed Combat
  1854 | D:4      | Reached XP level 5. HP: 47/53 MP: 4/4
  2008 | D:4      | Noticed a phantom
  2008 | D:4      | Noticed an orc warrior
  2013 | D:4      | Reached XP level 6. HP: 49/61 MP: 5/5
  2048 | D:4      | Reached skill level 5 in Unarmed Combat
  2307 | D:5      | Entered Level 5 of the Dungeon
  2321 | D:5      | Noticed Dowan
  2322 | D:5      | Noticed Duvessa
  2540 | D:5      | Reached * piety under Wu Jian
  2541 | D:5      | Reached XP level 7. HP: 40/68 MP: 6/6
  2684 | D:5      | Killed Duvessa
  2722 | D:4      | Reached skill level 6 in Unarmed Combat
  2791 | D:5      | Killed Dowan
  3022 | D:5      | Noticed Pikel
  3029 | D:5      | Paralysed by Pikel for 4 turns
  3041 | D:5      | Paralysed by Pikel for 2 turns
  3052 | D:5      | Killed Pikel
  3053 | D:5      | Reached skill level 5 in Shields
  3053 | D:5      | Reached skill level 7 in Unarmed Combat
  3053 | D:5      | Reached XP level 8. HP: 48/79 MP: 7/7
  3295 | D:5      | Reached skill level 5 in Fighting
  3423 | D:5      | Found a runed translucent door.
  3424 | D:5      | Noticed Crazy Yiuf
  3533 | D:6      | Found a large runed translucent door.
  3537 | D:6      | Reached skill level 8 in Unarmed Combat
  3556 | D:6      | Found a large runed translucent door.
  3754 | D:6      | Found a hide-covered altar of Uskayaw.
  3852 | D:6      | Reached ** piety under Wu Jian
  3890 | D:6      | Reached XP level 9. HP: 88/88 MP: 8/8
  4493 | D:7      | Found Ylaluc's Lightly-Used Armoury.
  4505 | D:7      | Reached skill level 9 in Unarmed Combat
  4769 | D:7      | Found a glowing silver altar of Zin.
  4769 | D:7      | Noticed an angel
  5090 | D:7      | Found a blossoming altar of Fedhas.
  5449 | D:8      | Found a runed translucent gate.
  5449 | D:8      | Found a runed translucent gate.
  5449 | D:8      | Found a runed translucent gate.
  5449 | D:8      | Noticed Touch's ghost (novice DjFE)
  5475 | D:8      | Found a shimmering blue altar of Sif Muna.
  5543 | D:8      | Found a stormy altar of Qazlal.
  5566 | D:8      | Reached *** piety under Wu Jian
  5931 | D:9      | Reached skill level 10 in Unarmed Combat
  5995 | D:9      | Noticed a two-headed ogre
  6010 | D:9      | Killed a two-headed ogre
  6011 | D:9      | Reached XP level 10. HP: 33/100 MP: 9/9
  6175 | D:9      | Found a shimmering altar of Xom.
  6573 | D:9      | Reached **** piety under Wu Jian
  6606 | D:9      | Reached skill level 11 in Unarmed Combat
  6926 | D:9      | Found an iron altar of Okawaru.
  6937 | D:9      | Found an ancient bone altar of Kikubaaqudgha.
  6982 | D:9      | Found a staircase to the Lair.
  7043 | D:9      | Found a glowing golden altar of the Shining One.
  7114 | D:10     | Entered Level 10 of the Dungeon
  7194 | D:10     | HP: 2/100 [troll (8)]
  7462 | D:10     | Noticed Harold
  7476 | D:10     | Killed Harold
  7477 | D:10     | Reached skill level 5 in Dodging
  7686 | D:10     | Noticed a brown ugly thing
  7702 | D:10     | Killed a brown ugly thing
  7703 | D:10     | Reached XP level 11. HP: 88/109 MP: 10/10
  7928 | D:11     | Noticed a six-headed hydra
  8054 | D:11     | Noticed a two-headed ogre
  8248 | D:11     | Reached skill level 12 in Unarmed Combat
  8539 | D:11     | Killed a two-headed ogre
  8786 | D:11     | Found a staircase to the Orcish Mines.
  9002 | D:11     | Identified the +3 trident of Vodka {pain, rN++}
  9189 | Lair:1   | Entered Level 1 of the Lair of Beasts
  9232 | Lair:1   | Found a dark tunnel.
  9254 | Volcano  | Entered a volcano
  9595 | Volcano  | Reached ***** piety under Wu Jian
  9713 | Volcano  | Found a radiant altar of Vehumet.
  9791 | Volcano  | Reached skill level 13 in Unarmed Combat
  9835 | Volcano  | Noticed a stone giant
 10168 | Lair:1   | Reached XP level 12. HP: 52/119 MP: 11/11
 11256 | Lair:2   | Noticed a seven-headed hydra
 11264 | Lair:2   | Killed a ten-headed hydra
 11745 | Lair:2   | Reached skill level 14 in Unarmed Combat
 11774 | Lair:2   | Noticed an eight-headed hydra
 11807 | Lair:2   | Killed a ten-headed hydra
 11860 | Lair:2   | Noticed a four-headed hydra
 11867 | Lair:2   | Killed an eight-headed hydra
 12025 | Lair:2   | Noticed a six-headed hydra
 12032 | Lair:2   | Killed an eight-headed hydra
 12186 | Lair:2   | Identified the +2 ring mail of Anaesthesia {rF+ Str+4}
 12204 | Lair:3   | Noticed Rupert
 12205 | Lair:3   | Paralysed by Rupert for 5 turns
 12413 | Lair:3   | Noticed Nergalle
 12419 | Lair:3   | Killed Nergalle
 12567 | Lair:3   | Reached skill level 10 in Shields
 12578 | Lair:3   | Mangled by Rupert

Illustrated notes

Levels and vault maps discovered:
D:1:      minmay_arrival_wavy_path, layout_basic, minmay_tall_x
D:2:      layout_basic, basic_ecumenical_altar, serial_shops, shop,
          chequers_arboretum, hangedman_decor_points, roderic_nine_men_s_morris,
          palyth_stone_intersect
D:3:      kennysheep_goblin_castle, layout_basic, cheibriados_altar_1,
          serial_shops, shop, uniq_natasha, uniq_robin
D:4:      minmay_chambers_of_fours, layout_loops_ring, minmay_temple_entry_grid
D:5:      layout_cave_pools, uniq_duvessa, uniq_pikel, uniq_crazy_yiuf_cottage
D:6:      layout_loops_ring, nicolae_overflow_crystal_walls,
          jmf_multi_god_temple2, chequers_mini_garden
D:7:      layout_loops_cross, fedhas_altar_1, zin_angel, minmay_shop_damaged,
          nicolae_concentric_dashed_squares_wild
D:8:      layout_rooms, grunt_qazlal_sundering, mainiacjoe_overflow_chevrons,
          gammafunk_ghost_split
D:9:      layout_cave_pools, mainiacjoe_overflow_small_starburst,
          mainiacjoe_overflow_24_doors, mainiacjoe_overflow_big_doors,
          grunt_lair_entry_orc_guard_hut
D:10:     layout_cave_pools, uniq_harold
D:11:     layout_loops_ring, zombieorc1_lemuel
Temple:   jpeg_temple_alley_garden
Lair:1:   layout_regular_city, nicolae_volcano_entry_two_sided,
          lemuel_fruit_fields, grunt_megastairs_3
Lair:2:   cheibrodos_lair_overgrown_chateau, layout_misc_corridors,
          infiniplex_staircase_pool_2, lemuel_fruit_fields
Lair:3:   layout_chaotic_city, skrybe_swamp_entry_bodies,
          spider_nest_entry_funnel_web, grunt_megastairs_1, uniq_nergalle,
          uniq_rupert, uniq_gastronok

Skill      XL: |  1  2  3  4  5  6  7  8  9 10 11 12 |
---------------+-------------------------------------+-----
Shields        | 3 4 5 6 7 8 9 10 | 10.0
Unarmed Combat | 3 4 5 7 8 10 11 13 14 | 14.5
Fighting       | 3 4 5 6 7 8 9 |  9.1
Dodging        | 4 5 6 7 |  7.6

Action                   |  1- 3 |  4- 6 |  7- 9 | 10-12 || total
-------------------------+-------+-------+-------+-------++-------
Melee: Unarmed           |   138 |   107 |   314 |   658 ||  1217
Throw: Dart              |       |       |     4 |     2 ||     6
Invok: Lunge             |       |     9 |    30 |    67 ||   106
       Whirlwind         |       |       |    49 |   125 ||   174
       Serpent's Lash    |       |       |       |     6 ||     6
Evoke: Wand              |       |       |       |    12 ||    12
  Use: Scroll            |       |       |     7 |     6 ||    13
       Potion            |       |       |       |     4 ||     4
 Stab: Sleeping          |     1 |       |       |       ||     1
       Paralysed         |       |       |       |     2 ||     2
       Invisible         |       |       |       |     1 ||     1
Armor: Robe              |    37 |    16 |    61 |     7 ||   121
       Acid dragon scale |       |       |       |    71 ||    71
       Skin              |       |       |       |    30 ||    30
Dodge: Dodged            |    24 |    35 |    99 |   167 ||   325
Block: Kite shield       |    52 |    31 |   113 |   182 ||   378
